 Dungeon Crawl Stone Soup version 0.30-a0-755-g0b50240ab4 (webtiles) character file.

Game seed: 16772056143546943044

84 LadyOphelia the Slasher (level 4, -5/41 HPs)
             Began as a Minotaur Berserker on Feb 9, 2023.
             Was a Believer of Trog.
             Killed from afar by Natasha (6 damage)
             ... with a magic dart
             ... on level 2 of the Dungeon on Feb 14, 2023.
             The game lasted 00:03:10 (426 turns).

LadyOphelia the Slasher (Minotaur Berserker)         Turns: 426, Time: 00:03:10

Health: -5/41      AC:  2    Str: 23    XL:     4   Next: 23%
Magic:  3/3        EV: 12    Int:  4    God:    Trog [**....]
Gold:   57         SH:  0    Dex: 10    Spells: 3/3 levels left

rFire   . . .      SeeInvis .    a - +0 falchion
rCold   . . .      Faith    .    (no shield)
rNeg    . . .      Spirit   .    b - +0 animal skin
rPois   .          Reflect  .    (helmet restricted)
rElec   .          Harm     .    (no cloak)
rCorr   .          Rampage  .    (no gloves)
Will    .....                    (no boots)
Stlth   +                        (no amulet)
HPRegen 0.26/turn                (no ring)
MPRegen 0.08/turn                (no ring)

@: on berserk cooldown, slowed, very slow
A: horns 2, retaliatory headbutt
a: Renounce Religion, Berserk, Trog's Hand


You were on level 2 of the Dungeon.
You worshipped Trog.
Trog was pleased with you.
You visited 1 branch of the dungeon, and saw 2 of its levels.

You collected 57 gold pieces.

Inventory:

Hand Weapons
 a - a +0 falchion (weapon)
Armour
 b - a +0 animal skin (worn)
Jewellery
 d - a +6 ring of strength
Scrolls
 c - a scroll of noise {unknown}
 e - a scroll of identify {unknown}
 h - a scroll of torment {unknown}
Potions
 f - a potion of mutation {unknown}
 g - 2 potions of curing {unknown}


   Skills:
 + Level 4.4 Fighting
 + Level 5.1 Long Blades
 + Level 2.6 Armour
 + Level 2.8 Dodging


You had 3 spell levels left.
You didn't know any spells.
Your spell library was empty.

Dungeon Overview and Level Annotations

Branches:
Dungeon (2/15)

Altars:

Annotations:
D:2 Natasha


Innate Abilities, Weirdness & Mutations

You have a pair of horns on your head.
You reflexively headbutt those who attack you in melee.


Message History

You feel agile.
You feel a strong urge to attack something.
Found a leather armour.
You are no longer berserk.
You are exhausted.
You feel as though you will be slow longer.
You start resting.
Natasha, Servant of Life and Death comes into view.
She is carrying a wand of light (10).
Natasha moves out of view.
You start resting.
Natasha is nearby!
Natasha hisses angrily.
Natasha zaps a wand.
The bolt of light misses you. Natasha closely misses you. x2
You closely miss Natasha.
Natasha zaps a wand.
The bolt of light hits you!
You are confused.
* * * LOW HITPOINT WARNING * * *
You closely miss Natasha. Natasha barely misses you. x2
Natasha attacks as you move away! Natasha closely misses you.
You feel less confused.
Natasha stares at you and mumbles some strange words.
You feel as though you will be slow longer.
Natasha casts a spell at you. The magic dart hits you.
* * * LOW HITPOINT WARNING * * *
Level annotation: Natasha Welcome back, LadyOphelia the Minotaur Berserker.
Trog says: Kill them all!
Press ? for a list of commands and other information.
Natasha zaps a wand.
The bolt of light misses you. Natasha barely misses you.
Natasha closely misses you.
You barely miss Natasha. Natasha barely misses you.
You slash Natasha!
Natasha is severely wounded.
Natasha claws you.
* * * LOW HITPOINT WARNING * * *
Natasha casts a spell.
Natasha stares at you and mumbles some strange words.
The magic dart hits you.
You die...

.........#
#######.##
#...##
#.###.#### ..#
##...# #.. #...#
#. ##...#
..[.###.5.####..
.#
#...h.@.......
##...#.#####..
##.##.# ... ..#
### ####


You could see Natasha and a crimson imp (summoned).

Vanquished Creatures
  Natasha (twice) (D:2)
  An adder (D:2)
  A worm (D:2)
  A dart slug (D:1)
  3 ball pythons
  2 bats
  2 endoplasms
  2 giant cockroaches
  2 jackals (D:1)
  3 frilled lizards
  3 goblins
  A rat (D:2)
23 creatures vanquished.

Notes
Turn   | Place    | Note
-------+----------+-------------------------------------------
     0 | D:1      | LadyOphelia the Minotaur Berserker began the quest for the
                  | Orb.
     0 | D:1      | Reached XP level 1. HP: 19/19 MP: 0/0
   112 | D:1      | Reached skill level 4 in Long Blades
   115 | D:1      | Reached XP level 2. HP: 27/27 MP: 1/1
   185 | D:1      | You fall into a shaft and drop 1 floor!
   227 | D:2      | Noticed Natasha
   235 | D:2      | Killed Natasha
   236 | D:2      | Reached XP level 3. HP: 22/34 MP: 2/2
   358 | D:2      | Reached ** piety under Trog
   390 | D:2      | Noticed Natasha
   401 | D:2      | Killed Natasha
   402 | D:2      | Reached skill level 5 in Long Blades
   402 | D:2      | Reached XP level 4. HP: 12/41 MP: 3/3
   411 | D:2      | Noticed Natasha
   421 | D:2      | HP: 1/41 [Natasha/magic dart (5)]
   426 | D:2      | Killed from afar by Natasha

Illustrated notes

Levels and vault maps discovered:
D:1:      dpeg_arrival_rhombus, layout_rooms
D:2:      layout_loops_corners, kennysheep_generic_room_7, uniq_jessica,
          uniq_sigmund, uniq_natasha

Skill      XL: |  1  2  3 |
---------------+----------+-----
Long Blades    | 4 5 |  5.1
Fighting       | 4 |  4.4
Armour         | |  2.6
Dodging        | |  2.8

Action                     |  1- 3 |  4- 6 || total
---------------------------+-------+-------++-------
  Melee: Falchion          |    56 |     4 ||    60
         Headbutt          |     6 |       ||     6
         Punch             |     1 |       ||     1
 Invoke: Berserk           |     1 |       ||     1
 Armour: Animal skin       |    11 |       ||    11
  Dodge: Dodged            |    45 |    10 ||    55

Table legend: (Time is in decaauts)
 A = Elapsed time spent in this place.
 B = Non-inter-level travel time spent in this place.
 C = Inter-level travel time spent in this place.
 D = Time resting spent in this place.
 E = Time spent auto-exploring this place.
 F = Levels seen in this place.
 G = Mean time per level.
                   A        B        C        D        E       F      G
               +--------+--------+--------+--------+--------+-----+--------+
         Total |    443 |    443 |      0 |     18 |    222 |   2 |  221.5 |
       Dungeon |    443 |    443 |      0 |     18 |    222 |   2 |  221.5 |
               +--------+--------+--------+--------+--------+-----+--------+

Top non-repeatable levels by time:
     D:2: 255 daAuts
     D:1: 187 daAuts
